 Dungeon Crawl Stone Soup version 0.17.0-28-g6e173f8 (console) character file.

2911 Kloppie the Transmogrifier (level 9, 0/81 HPs)
             Began as a Green Draconian Transmuter on Nov 24, 2015.
             Was an Elder of Okawaru.
             Slain by a killer bee (4 damage)
             ... on level 7 of the Dungeon.
             The game lasted 00:13:38 (7635 turns).

Kloppie the Transmogrifier (DrTm)                   Turns: 7635, Time: 00:13:38

Health: 0/81       AC:  5    Str: 18      XL:     9   Next: 49%
Magic:  10/12      EV: 13    Int: 13 (15) God:    Okawaru [****..]
Gold:   300        SH:  0    Dex: 14      Spells: 3 memorised, 4 levels left

rFire  x . .     SeeInvis .       - Unarmed
rCold  + + +     Clarity  .     (armour unavailable)
rNeg   . . .     SustAt   .     (shield currently unavailable)
rPois  +         Gourm    .     (helmet currently unavailable)
rElec  .         Spirit   .     (cloak currently unavailable)
rCorr  .         Warding  .     (gloves currently unavailable)
rMut   .         Stasis   .     (boots currently unavailable)
MR     .....                    (no amulet)
Stlth  +.........               l - +6 ring of strength
                                (no ring)

@: lethally poisoned (0 -> -4), ice-form, drained, not resistant to hostile
enchantments, very unstealthy
A: (breathe noxious fumes), unfitting armour, (poison resistance),
(cold-blooded), AC +7
a: End Transformation, Heroism, Renounce Religion


You were on level 7 of the Dungeon.
You worshipped Okawaru.
Okawaru was greatly pleased with you.
You were not hungry.
You were a creature of crystalline ice.
You visited 1 branch of the dungeon, and saw 7 of its levels.

You collected 300 gold pieces.

Inventory:

Missiles
 a - 156 arrows
 r - 4 arrows of flame
Armour
 o - a +0 shield
Jewellery
 h - an uncursed ring of teleportation
 l - a +6 ring of strength (right front paw)
Wands
 k - a wand of slowing (48)
 p - a wand of polymorph (13)
Scrolls
 d - 4 scrolls of identify
 g - 2 scrolls of remove curse
 i - a scroll of recharging
 n - 2 scrolls of fog
 x - a scroll of random uselessness {unknown}
Potions
 e - 3 potions of brilliance
 s - 2 potions of degeneration
 u - a potion of ambrosia {unknown}
Books
 b - a book of Changes

   Spells                             Type                      Level
   a - Beastly Appendage              Transmutation                1
   b - Sticks to Snakes               Transmutation                2
   c - Spider Form                    Transmutation/Poison         3
   d - Ice Form                       Ice/Transmutation            4
   e - Blade Hands                    Transmutation                5
 m - a book of Ice

   Spells                             Type                      Level
   a - Ice Form                       Ice/Transmutation            4
   b - Metabolic Englaciation         Hexes/Ice                    5
   c - Ozocubu's Refrigeration        Ice                          6
   d - Bolt of Cold                   Conjuration/Ice              6
   e - Freezing Cloud                 Conjuration/Ice/Air          6
   f - Simulacrum                     Ice/Necromancy               6
Comestibles
 c - 4 bread rations
 f - 7 fruits
 j - 5 meat rations
 t - 5 chunks of flesh
 w - a beef jerky


   Skills:
 - Level 2.8(2.7) Fighting
 + Level 6.6(6.5) Dodging
 - Level 7.1(7.0) Unarmed Combat
 - Level 2.0(1.8) Spellcasting
 + Level 9.1(8.9) Transmutations


You had 4 spell levels left.
You knew the following spells:

 Your Spells              Type           Power        Failure   Level  Hunger
a - Beastly Appendage     Trmt           ###...       1%          1    ##.....
b - Spider Form           Trmt/Pois      ##........   14%         3    ####...
c - Ice Form              Ice/Trmt       ##......     50%         4    #####..


Dungeon Overview and Level Annotations

Branches:
Dungeon (7/15)             Temple (0/1) D:6

Altars:
Ashenzari
Cheibriados
Gozag
Okawaru
Qazlal
Yredelemnul

Annotations:
D:4 Archteshnor's ghost, novice GrFi
D:6 grerr's ghost, novice OpAK


Innate Abilities, Weirdness & Mutations

((You can breathe blasts of noxious fumes.))
((Your lurid green scales are hard (AC +7).))
Your body does not fit into most forms of armour.
((Your system is resistant to poisons.))
((You are cold-blooded and may be slowed by cold attacks.))


Message History

It was a potion of degeneration.
There was something very wrong with that liquid.
You feel dopey. The killer bee stings you.
* * * LOW HITPOINT WARNING * * *
You are poisoned.
The killer bee poisons you!
The killer bee stings you but does no damage.
You closely miss the killer bee.
You feel sick. The killer bee misses you.
You punch the killer bee! You freeze the killer bee!
You kill the killer bee!
Okawaru accepts your kill.
You feel sick.
You barely miss the killer bee. The killer bee stings you.
* * * LOW HITPOINT WARNING * * *
The killer bee misses you.
You closely miss the killer bee.
* * * LOW HITPOINT WARNING * * *
You feel sick. The killer bee stings you.
You die...

## .# ####§#
#.#§§§§# #.######
.....#.# #..
.....#.#
#..######
.....#.#
#.......#
........ #....#Y#
#.....## #...##y#
#...... #......#
#.....#####..####
#....)....#
...........#)##
...........#.#
.............#
...........###


You could see a killer bee.

Vanquished Creatures
  Pikel (D:5)
  Sigmund (D:6)
  Edmund (D:5)
  Duvessa (D:6)
  A phantom (D:5)
  3 ogres
  3 orc warriors
  2 sky beasts (D:6)
  2 centaurs (D:6)
  3 scorpions
  Dowan (D:6)
  3 killer bees (D:7)
  4 wights (D:7)
  2 crimson imps
  2 orc priests
  A hound (D:5)
  3 orc wizards
  A centaur skeleton (D:6)
  An iguana (D:5)
  4 worker ants
  7 adders
  A shadow imp (D:5)
  An ooze (D:4)
  2 adder zombies (D:6)
  3 worms
  6 giant geckos
  18 orcs
  5 bats
  5 giant cockroaches
  8 goblins
  8 hobgoblins
  13 jackals
  10 kobolds
  2 quokkas
  4 ball pythons
  A giant gecko zombie (D:5)
  7 giant newts
  A jackal skeleton (D:4)
  5 rats
147 creatures vanquished.

Vanquished Creatures (others)
  A slave (D:5)
  A phantom (D:5)
  A crimson imp (D:5)
  A giant frog skeleton (D:5)
  A worker ant zombie (D:5)
  A shadow imp (D:5)
  An adder skeleton (D:5)
7 creatures vanquished.

Grand Total: 154 creatures vanquished

Notes
Turn   | Place    | Note
--------------------------------------------------------------
     0 | D:1      | Kloppie the Draconian Transmuter began the quest for the Orb.
     0 | D:1      | Reached XP level 1. HP: 16/16 MP: 3/3
   137 | D:1      | Reached XP level 2. HP: 18/23 MP: 5/5
   736 | D:1      | Reached XP level 3. HP: 27/29 MP: 6/6
  1408 | D:2      | Reached XP level 4. HP: 25/37 MP: 7/7
  1869 | D:2      | Learned a level 3 spell: Spider Form
  2300 | D:3      | Reached skill level 4 in Unarmed Combat
  2861 | D:3      | Found a snail-covered altar of Cheibriados.
  2914 | D:3      | Found a basalt altar of Yredelemnul.
  2930 | D:3      | Found a stormy altar of Qazlal.
  3230 | D:4      | Found an iron altar of Okawaru.
  3235 | D:4      | Became a worshipper of Warmaster Okawaru
  3250 | D:4      | Reached XP level 5. HP: 23/44 MP: 6/8
  3888 | D:4      | Noticed Archteshnor's ghost (novice GrFi)
  3946 | D:4      | Reached skill level 5 in Unarmed Combat
  4281 | D:5      | Entered Level 5 of the Dungeon
  4292 | D:5      | Reached XP level 6. HP: 37/50 MP: 7/9
  4311 | D:5      | Learned a level 4 spell: Ice Form
  4545 | D:5      | Noticed Edmund
  4577 | D:5      | Killed Edmund
  4577 | D:5      | Reached * piety under Okawaru
  4859 | D:5      | Noticed an ogre
  4871 | D:5      | Killed an ogre
  4871 | D:5      | Reached skill level 6 in Unarmed Combat
  4871 | D:5      | Your scales start taking on a lurid green colour.
  4871 | D:5      | Gained mutation: Your system is resistant to poisons. [Green Draconian growth]
  4871 | D:5      | Reached XP level 7. HP: 52/56 MP: 8/10
  4899 | D:5      | Found a shattered altar of Ashenzari.
  4954 | D:5      | Noticed a slave
  4954 | D:5      | Noticed a slave
  4954 | D:5      | Noticed a phantom
  4955 | D:5      | Noticed Pikel
  4991 | D:5      | Noticed a slave
  4992 | D:5      | Killed Pikel
  4992 | D:5      | Reached ** piety under Okawaru
  4992 | D:5      | Reached skill level 7 in Unarmed Combat
  4992 | D:5      | Reached XP level 8. HP: 42/62 MP: 8/11
  5007 | D:5      | Noticed a phantom
  5019 | D:5      | Killed a phantom
  5026 | D:5      | Killed a phantom
  5286 | D:5      | Killed a freed slave
  5827 | D:5      | Noticed a freed slave
  5849 | D:6      | Noticed grerr's ghost (novice OpAK)
  5917 | D:6      | Reached *** piety under Okawaru
  5927 | D:6      | Found an opulent altar of Gozag.
  5983 | D:6      | Noticed Duvessa
  5998 | D:6      | Killed Duvessa
  6020 | D:6      | Noticed Dowan
  6028 | D:6      | Killed Dowan
  6422 | D:6      | Reached skill level 5 in Dodging
  6457 | D:6      | Found a staircase to the Ecumenical Temple.
  6485 | D:6      | Reached skill level 8 in Transmutations
  6485 | D:6      | Reached XP level 9. HP: 40/68 MP: 10/12
  6923 | D:6      | Noticed Sigmund
  6931 | D:6      | Killed Sigmund
  6931 | D:6      | Reached **** piety under Okawaru
  7623 | D:7      | Reached skill level 9 in Transmutations
  7634 | D:7      | HP: 4/81 [killer bee (6)]
  7635 | D:7      | Slain by a killer bee

Action                   |  1- 3 |  4- 6 |  7- 9 || total
-------------------------+-------+-------+-------++-------
Melee: Unarmed           |   189 |   239 |   302 ||   730
 Cast: Beastly Appendage |     4 |    11 |    11 ||    26
       Spider Form       |       |     1 |     6 ||     7
       Ice Form          |       |       |     1 ||     1
Evoke: Wand              |       |     1 |       ||     1
  Use: Scroll            |       |     2 |     4 ||     6
       Potion            |       |     2 |     3 ||     5
 Stab: Sleeping          |     1 |       |     1 ||     2
  Eat: Chunk             |     1 |     8 |    10 ||    19
       Beef jerky        |       |     1 |     1 ||     2
       Pizza             |       |     1 |       ||     1
